 Dungeon Crawl Stone Soup version 0.20-a0-760-g49f5558 (webtiles) character file.

813 polly the Cudgeler (level 7, -8/44 HPs)
             Began as a Gargoyle Fighter on Feb 25, 2017.
             Splashed by a jelly's acid (9 damage)
             ... on level 5 of the Dungeon.
             The game lasted 00:03:22 (3883 turns).

polly the Cudgeler (Gargoyle Fighter)               Turns: 3883, Time: 00:03:23

Health: -8/44      AC: -5    Str: 23    XL:     7   Next: 93%
Magic:  7/7        EV:  8    Int:  9    God:
Gold:   89         SH: 10    Dex: 10    Spells: 6/6 levels left

rFire    . . .     SeeInvis .   d - +0 whip (freeze)
rCold    . . .     Gourm    .   b - +0 scale mail
rNeg     + . .     Faith    .   c - +0 shield
rPois    ∞         Spirit   .   s - +1 helmet
rElec    +         Reflect  .   (no cloak)
rCorr    .         Harm     .   (no gloves)
MR       .....                  (no boots)
Stlth    ..........             (no amulet)
Regen    0.2/turn               p - +3 ring of strength
MPRegen  0.1/turn               (no ring)

@: corroded, flying
A: negative energy resistance 1, electricity resistance, unbreathing,
petrification resistance, rot immunity, AC +4
a: no special abilities


You were on level 5 of the Dungeon.
You were very hungry.

You visited 1 branch of the dungeon, and saw 5 of its levels.

You collected 167 gold pieces.
You spent 78 gold pieces at shops.

Inventory:

Hand Weapons
 d - a +0 whip of freezing (weapon)
Armour
 b - a +0 scale mail (worn)
 c - a +0 shield (worn)
 s - a +1 helmet (worn)
Jewellery
 p - a +3 ring of strength (right hand)
Scrolls
 a - a scroll of fear {unknown}
 e - 4 scrolls of identify {unknown}
 g - 6 scrolls of remove curse {unknown}
 h - a scroll of fog {unknown}
 l - a scroll of magic mapping {unknown}
 m - a scroll of immolation {unknown}
 n - 4 scrolls of teleportation {unknown}
 q - a scroll of amnesia {unknown}
 u - a scroll of enchant weapon {unknown}
 v - a scroll of random uselessness {unknown}
Potions
 k - 3 potions of flight
 o - a potion of brilliance {unknown}
 r - a potion of mutation {unknown}
 t - 2 potions of invisibility {unknown}
Comestibles
 f - 6 bread rations
 i - 2 meat rations
 j - 2 royal jellies


   Skills:
 + Level 5.2 Fighting
 + Level 5.9 Maces & Flails
 + Level 4.8 Armour
 + Level 1.6 Dodging
 + Level 1.2 Stealth
 + Level 4.8 Shields


You had 6 spell levels left.
You didn't know any spells.

Dungeon Overview and Level Annotations

Branches:
Dungeon (5/15)
 Temple: D:4-7

Altars:
Fedhas
Vehumet

Shops:
D:4 **


Innate Abilities, Weirdness & Mutations

You are resistant to torment.
Your stone body is resilient. (AC +4)
You are immune to poison.
You resist negative energy. (rN+)
You are resistant to electric shocks. (rElec)
You can survive without breathing.
You are immune to petrification.
You are immune to rotting.


Message History

You are too injured to fight recklessly!
You are too injured to fight recklessly!
You are too injured to fight recklessly!
You are too injured to fight recklessly!
You are too injured to fight recklessly!
You are too injured to fight recklessly!
A jelly is nearby!
A jelly is nearby!
You see here a stone.
The jelly hits you.
* * * LOW HITPOINT WARNING * * *
You are splashed with acid!
The acid burns!
* * * LOW HITPOINT WARNING * * *
You see here a stone.
It was a potion of flight.
You feel very buoyant.
You fly up into the air.
The jelly hits you.
* * * LOW HITPOINT WARNING * * *
The acid corrodes you!
You are splashed with acid!
The acid burns!
You die...

##.# ..# ... ##### ... #
#.# #...# #.# #.
#>##..#..## #.#.##### ##.#
#...##.##.# #.#......
#...##...#.⌠.#.# #.####.##
...#..#.#.##.##.#
#.####.##
#..........#...###........
#.####(.(@J...............
#####.(...########.#.
##(..## ##..≈ #.#......
..≈.. #.#(######..≈8≈.
#.#.# ##.≈..≈.. #.#.#
#.≈8≈...≈ .#########.#.#
#).≈..≈.. .............#
#....≈8≈.


You could see a jelly.

Vanquished Creatures
  Pikel (D:4)
  A slave (D:4)
  A crimson imp (D:5)
  A bullfrog zombie (D:5)
  A centaur zombie (D:5)
  A jelly (D:5)
  Jessica (D:2)
  A hound zombie (D:5)
  Robin (D:4)
  A gnoll (D:1)
  4 adders
  An ooze (D:2)
  An adder zombie (D:5)
  7 worms
  5 dart slugs
  3 leopard geckos
  5 orcs (D:3)
  4 giant cockroaches
  14 goblins
  13 hobgoblins
  2 jackals (D:2)
  4 kobolds
  A quokka (D:2)
  4 bats
  5 frilled lizards
  A quokka zombie (D:5)
  10 rats
94 creatures vanquished.

Notes
Turn   | Place    | Note
-------+----------+-------------------------------------------
     0 | D:1      | polly the Gargoyle Fighter began the quest for the Orb.
     0 | D:1      | Reached XP level 1. HP: 14/14 MP: 1/1
   313 | D:1      | Reached XP level 2. HP: 10/20 MP: 2/2
   652 | D:1      | Reached XP level 3. HP: 24/24 MP: 3/3
  1094 | D:2      | Found a radiant altar of Vehumet.
  1146 | D:2      | Noticed Jessica
  1155 | D:2      | Reached XP level 4. HP: 17/29 MP: 4/4
  1158 | D:2      | Killed Jessica
  1660 | D:3      | Reached XP level 5. HP: 31/33 MP: 5/5
  2676 | D:4      | Found Meulalysh's Assorted Antiques.
  2683 | D:4      | Bought a murky purple potion for 24 gold pieces
  2683 | D:4      | Bought a scroll labeled GAECZU GESHRUUTHRUISS for 27 gold pieces
  2683 | D:4      | Bought a scroll labeled BYMPACHAISU for 27 gold pieces
  2716 | D:4      | Found Sicenote's Assorted Antiques.
  2792 | D:4      | Noticed Robin
  2811 | D:4      | Killed Robin
  2817 | D:4      | Reached skill level 1 in Dodging
  2967 | D:4      | Noticed a slave
  2968 | D:4      | Noticed a slave
  2969 | D:4      | Noticed Pikel
  2969 | D:4      | Noticed a slave
  2970 | D:4      | Noticed a slave
  2976 | D:4      | Killed a slave
  2997 | D:4      | Killed Pikel
  2997 | D:4      | Reached skill level 5 in Maces & Flails
  2997 | D:4      | Reached skill level 1 in Stealth
  2997 | D:4      | Reached XP level 6. HP: 12/40 MP: 6/6
  2997 | D:4      | Reached XP level 7. HP: 13/44 MP: 7/7
  3505 | D:5      | Entered Level 5 of the Dungeon
  3527 | D:5      | Found a blossoming altar of Fedhas.
  3691 | D:5      | Reached skill level 5 in Fighting
  3882 | D:5      | HP: 1/44 [acid (9)]
  3883 | D:5      | Splashed by a jelly's acid

Vault maps used:
D:1:      evilmike_arrival_home_sweet_home, st_stairs_11
D:2:      vehumet_crystals, minmay_tromino_mix6, uniq_jessica
D:4:      serial_shops, shop_fountains, nicolae_shop_overgrown_old_shop,
          first_bread, corexii_leaking_fountain, uniq_pikel, uniq_robin
D:5:      minmay_temple_entry_butterflies, serial_shops, nicolae_shop_trees,
          kennysheep_doodads, grunt_decor_one_mirror, fedhas_altar_4

Skill      XL: |  1  2  3  4  5  6  7 |
---------------+----------------------+-----
Maces & Flails | 3 5 |  5.9
Fighting       | 4 5 |  5.2
Armour         | 4 |  4.8
Dodging        | 1 |  1.6
Stealth        | 1 |  1.2
Shields        | 4 |  4.8

Action                   |  1- 3 |  4- 6 |  7- 9 || total
-------------------------+-------+-------+-------++-------
Melee: Flail             |   112 |   193 |       ||   305
       Whip              |       |       |    88 ||    88
  Use: Potion            |       |     1 |     1 ||     2
 Stab: Distracted        |       |     1 |       ||     1
  Eat: Chunk             |       |     7 |     2 ||     9
Armor: Scale mail        |    57 |   103 |    26 ||   186
Dodge: Dodged            |    37 |    56 |    22 ||   115
Block: Shield            |    50 |    76 |    45 ||   171
